AoeStats
← DXT

Arabia

510100294Analyzed
1v1 RM · 2d ago on Sep 29, 2026· 104m 36s· 2 players
Game mode
Random Map
Map size
Tiny (2 player)
Population
200
Speed
Normal
Resources
Standard
Victory
Conquest
Starting age
Dark Age
Ending age
Imperial Age
RankedLock teamsTeams togetherTeam positionsShared explorationLock speedFull tech treeHidden civsTurbo modeCheats
Victory
Defeat
🇨🇳 Georgians · China
535
+18
🇺🇸 Romans · United States
573
-18
DXT
12:25 Feudal Age
13:23 Horse Collar
19:05 Loom
22:36 Castle Age
20:26 Double-Bit Axe
20:38 Stone Mining
21:53 Gold Mining
22:15 Scale Barding Armor
22:21 Forging
23:57 Bloodlines
23:48 Husbandry
26:19 Bow Saw
27:02 Heavy Plow
28:06 Pikeman
29:25 Iron Casting
29:55 Elite Skirmisher
31:50 Chain Barding Armor
32:18 Svan Towers
40:56 Imperial Age
39:38 Herbal Medicine
40:47 Scale Mail Armor
42:03 Conscription
43:43 Elite Monaspa
47:31 Blast Furnace
47:07 Plate Barding Armor
55:13 Crossbowman
55:47 Fletching
59:46 Chemistry
59:06 Ballistics
66:19 Guard Tower
66:16 Arrowslits
82:37 Hoardings
88:15 Bodkin Arrow
88:20 Padded Archer Armor
91:23 Chain Mail Armor
91:29 Leather Archer Armor
91:21 Bracer
Oldtimer The Gray
0:28 Loom
10:05 Feudal Age
13:46 Wheelbarrow
14:19 Town Watch
17:20 Castle Age
16:11 Man-at-Arms
16:47 Fletching
17:07 Double-Bit Axe
23:12 Horse Collar
26:05 Hand Cart
26:59 Ballistas
27:33 Gold Mining
27:47 Heavy Plow
29:15 Bow Saw
30:22 Long Swordsman
31:37 Forging
31:29 Scale Mail Armor
33:06 Town Patrol
34:19 Squires
33:40 Pikeman
41:58 Imperial Age
44:00 Halberdier
45:37 Stone Mining
56:22 Iron Casting
56:03 Chain Mail Armor
57:52 Legionary
72:09 Fortified Wall
80:42 Ballistics
80:04 Heavy Scorpion
83:29 Elite Centurion
86:30 Conscription
Connection lost

Rejoining the realm…

Still unreachable

The connection could not be restored.

Session expired

The server has moved on; the page needs a fresh start.